 Dungeon Crawl Stone Soup version 0.22.0-40-g68aacdc (console) character file.

239 HarryHood the Cudgeler (level 5, 0/50 HPs)
             Began as a Minotaur Berserker on Sept 1, 2018.
             Was a Priest of Trog.
             Slain by an orc
             ... wielding a +0 war axe
              (8 damage)
             ... on level 3 of the Dungeon.
             The game lasted 00:09:21 (2354 turns).

HarryHood the Cudgeler (Minotaur Berserker)         Turns: 2354, Time: 00:09:22

Health: 0/50       AC:  4    Str: 22    XL:     5   Next: 79%
Magic:  4/4        EV: 12    Int:  4    God:    Trog [***...]
Gold:   191        SH:  0    Dex: 10    Spells: 4/4 levels left

rFire    . . .     SeeInvis .   i - -1 whip (curse)
rCold    . . .     Gourm    .   (no shield)
rNeg     . . .     Faith    .   j - +0 leather armour (curse)
rPois    .         Spirit   .   (helmet restricted)
rElec    .         Reflect  .   (no cloak)
rCorr    .         Harm     .   p - +0 pair of gloves
MR       .....                  (no boots)
Stlth    +.........             q - amulet of regeneration {@e1}
HPRegen  0.56/turn              (no ring)
MPRegen  0.09/turn              (no ring)

@: no status effects
A: retaliatory headbutt, horns 2
a: Berserk, Trog's Hand, Renounce Religion


You were on level 3 of the Dungeon.
You worshipped Trog.
Trog was most pleased with you.
You were not hungry.

You visited 1 branch of the dungeon, and saw 3 of its levels.

You collected 191 gold pieces.

Inventory:

Hand Weapons
 a - a +0 mace
 b - a +0 hunting sling
 i - a cursed -1 whip (weapon)
Missiles
 d - 28 stones (quivered)
 g - 58 sling bullets
Armour
 e - a +0 animal skin
 j - a cursed +0 leather armour (worn)
 l - a +0 scale mail
 p - a +0 pair of gloves (worn)
Jewellery
 m - an uncursed amulet of guardian spirit
 q - an amulet of regeneration (around neck) {@e1}
Potions
 h - 2 potions of brilliance
 k - 2 potions of heal wounds {unknown}
 n - 2 potions of curing {unknown}
Comestibles
 c - 7 rations {@e1}
 f - 9 chunks of flesh


   Skills:
 - Level 6.0 Fighting
 * Level 6.3 Maces & Flails
 - Level 2.4 Armour
 - Level 2.1 Dodging


You had 4 spell levels left.
You didn't know any spells.
Your spell library was empty.

Dungeon Overview and Level Annotations

Branches:
Dungeon (3/15)

Altars:
Elyvilon
Yredelemnul


Innate Abilities, Weirdness & Mutations

You reflexively headbutt those who attack you in melee.
You have a pair of horns on your head.


Message History

* * * LOW HITPOINT WARNING * * *
The orc hits you but does no damage.
You take 13 damage, and have 7/50 hp.
MASSIVE DAMAGE!!
You barely miss something. The orc priest closely misses you.
The orc closely misses you. You furiously retaliate!
You headbutt the orc!
You kill the orc!
Trog accepts your kill.
Training target 6.0 for Fighting reached!
Your Fighting skill increases to level 6!
You need to enable at least one skill for training.
You barely miss something. You headbutt something! Trog accepts your kill.
Trog appreciates your killing of a magic user.
Reactivating autopickup.
You feel a bit more experienced. The orc barely misses you.
You furiously retaliate!
You headbutt the orc!
You kill the orc!
Trog accepts your kill. The orc hits you with a war axe!
You die...

#####...... ***** #..[(......
**,,,**####*##### ##.###......
**,,,,,##.<.##...###..# #)####.
*,,,,,,..........((..## #)#####
*,,,,,>........(...### #.).###
*,,,,,,.......o....########....
**,,,,,......[oo...##.........#
**,,,,,#....ro@)......######.##
*,,,,,,.....#)oo.###### #.#
*,,,,,,.#.....#### #.##
*,,,,,,...#...* #.##
**,,,,,##...#.** *****#..#
**,,,**#..##.,** *,,,,....
*******#..,..,,** ***+***.###
*,,,,,...**#.,,,****,,,,,***
*,,,,,..** #.,,,,**,,,,,,,*


You could see 2 orc priests, an orc wizard, 3 orcs and a rat.

Vanquished Creatures
  4 orc wizards (D:3)
  Robin (D:2)
  4 adders (D:2)
  A worm (D:2)
  3 dart slugs
  3 leopard geckos (D:2)
  4 orcs (D:3)
  2 ball pythons (D:2)
  11 bats
  3 giant cockroaches
  15 goblins
  8 hobgoblins
  4 jackals (D:1)
  A quokka (D:2)
  6 frilled lizards
  5 kobolds
  10 rats
85 creatures vanquished.

Notes
Turn   | Place    | Note
-------+----------+-------------------------------------------
     0 | D:1      | HarryHood the Minotaur Berserker began the quest for the Orb.
     0 | D:1      | Reached XP level 1. HP: 19/19 MP: 0/0
   113 | D:1      | Reached skill level 4 in Maces & Flails
   229 | D:1      | Reached XP level 2. HP: 17/26 MP: 1/1
   461 | D:1      | Reached ** piety under Trog
   464 | D:1      | Reached skill level 5 in Maces & Flails
   544 | D:1      | Reached XP level 3. HP: 30/31 MP: 2/2
   812 | D:2      | Noticed Robin
   841 | D:2      | Killed Robin
  1105 | D:2      | Found a basalt altar of Yredelemnul.
  1137 | D:2      | Reached skill level 6 in Maces & Flails
  1137 | D:2      | Reached XP level 4. HP: 14/39 MP: 1/3
  1460 | D:2      | Reached skill level 4 in Fighting
  1531 | D:2      | Reached *** piety under Trog
  2184 | D:3      | Found a white marble altar of Elyvilon.
  2289 | D:3      | Reached skill level 5 in Fighting
  2289 | D:3      | Reached XP level 5. HP: 45/48 MP: 4/4
  2353 | D:3      | Reached skill level 6 in Fighting
  2354 | D:3      | Slain by an orc

Skill      XL: |  1  2  3  4  5 |
---------------+----------------+-----
Maces & Flails | 4 5 6 |  6.3
Fighting       | 5 6 |  6.0
Armour         | |  2.4
Dodging        | |  2.1

Action                   |  1- 3 |  4- 6 || total
-------------------------+-------+-------++-------
Melee: Mace              |    23 |       ||    23
       Headbutt          |    15 |    12 ||    27
       Whip              |    56 |   106 ||   162
Invok: Berserk           |     1 |       ||     1
  Use: Scroll            |     1 |     2 ||     3
 Stab: Sleeping          |       |     1 ||     1
  Eat: Chunk             |     2 |     4 ||     6
Armor: Animal skin       |     3 |       ||     3
       Leather armour    |    11 |    29 ||    40
Dodge: Dodged            |    53 |    60 ||   113
